 Dungeon Crawl Stone Soup version 0.31.0-11-ge490571c62 (webtiles) character file.

Game seed: 11062066516019925941

31 Gadfly the Insei (level 3, 20/29 HPs)
             Began as a Demonspawn Monk on Feb 5, 2024.
             Quit the game on level 2 of the Dungeon.
             The game lasted 00:01:08 (916 turns).

Gadfly the Insei (Demonspawn Monk)                   Turns: 916, Time: 00:01:09

Health: 20/29      AC:  4    Str: 13    XL:     3   Next: 7%
Magic:  3/3        EV: 13    Int: 10    God:
Gold:   19         SH:  0    Dex: 15    Spells: 2/2 levels left

rFire   . .          .
                       - Unarmed
rCold   . . .        c - orb {light}
rNeg    . . .        a - +0 robe
rPois   .            (helmet restricted)
rElec   .            i - +1 cloak
rCorr   .            (no gloves)
SInv    .            (no boots)
Will    .....        (no amulet)
Stlth   +            (no ring)
HPRegen 0.24/turn    (no ring)
MPRegen 0.08/turn

%: no passive effects
@: mildly poisoned (20 -> 18), glowing
A: horns 1, demonic magic 1
a: no special abilities


You were on level 2 of the Dungeon.
You visited 1 branch of the dungeon, and saw 2 of its levels.

You collected 19 gold pieces.

Inventory:

Hand Weapons
 b - a +1 mace of protection
 k - a +2 dagger of freezing
Armour
 a - a +0 robe (worn)
 c - an orb of light (worn)
 i - a +1 cloak (worn)
Potions
 e - a potion of mutation
 g - a potion of lignification {unknown}


   Skills:
 - Level 3.0 Fighting
 + Level 2.8 Dodging
 * Level 3.1 Unarmed Combat
 * Level 1.3 Evocations
 * Level 1.0 Shapeshifting


You had 2 spell levels left.
You didn't know any spells.
Your spell library contained the following spells:

 Spells                   Type           Power      Damage    Failure   Level
 Tukima's Dance           Hex            0%         N/A       75%         3
 Leda's Liquefaction      Alch/Erth      0%         N/A       98%         4
 Passage of Golubria      Tloc           0%         N/A       98%         4
 Lee's Rapid Deconstruct  Erth           0%         3d4*      100%        5
 Yara's Violent Unravell  Hex/Alch       0%         3d3       100%        5
 Bombard                  Conj/Erth      0%         9d1       100%        6


Dungeon Overview and Level Annotations

Branches:
Dungeon (2/15)

Altars:


Innate Abilities, Weirdness & Mutations

You have a pair of small horns on your head.
Spells you cast may paralyse adjacent enemies.


Message History

No target in view!
No target in view!
No target in view!
No target in view!
Found a robe.
Found a robe.
No target in view!
No target in view!
No target in view!
No target in view!
No target in view!
No target in view!
An adder comes into view.
An adder is nearby!
The adder hisses angrily.
The adder misses you.
You hit the adder.
The adder is lightly wounded.
The adder bites you but does no damage.
You hit the adder.
The adder is heavily wounded.
The adder barely misses you. The adder bites you.
You are poisoned.
The adder poisons you!
You hit the adder but do no damage. Your headbutt misses the adder.
The adder is heavily wounded.
You feel sick. The adder bites you.
You barely miss the adder.
The adder is heavily wounded.
You feel sick. The adder barely misses you.
You hit the adder.
You kill the adder!
You feel sick.
Your Shapeshifting skill increases to level 1!
You have reached level 3!
Your experience leads to an increase in your attributes!
Increase (S)trength, (I)ntelligence, or (D)exterity?
You feel stronger. x2; Your demonic ancestry asserts itself...
A menacing aura infuses your magic.
Are you sure you want to abandon this character and quit the game? (Confirm with "yes".)

.. .# #. .# ##. #.#
##.#.#######
##.###.#.[.#..#.####
......#.###......#[##
#.###...............##
#.###.#.##..###......#
........##..# ##@...##
##.##.####..# ##†...#
##.##.......# #....#
......#####.# #..##
.....## #.# #..#
.....# ..# ### .....#
## .....# .....#


There were no monsters in sight!

Vanquished Creatures
  An adder (D:2)
  5 ball pythons (D:1)
  A bat (D:1)
  2 endoplasms (D:1)
  A giant cockroach (D:1)
  A goblin (D:1)
  A hobgoblin (D:2)
  2 jackals (D:1)
  2 kobolds
  2 quokkas (D:1)
  A frilled lizard (D:1)
  A rat (D:1)
20 creatures vanquished.

Notes
Turn   | Place    | Note
-------+----------+-------------------------------------------
     0 | D:1      | Gadfly the Demonspawn Monk began the quest for the Orb.
     0 | D:1      | Reached XP level 1. HP: 18/18 MP: 1/1
    87 | D:1      | Found a faded altar of an unknown god.
   165 | D:1      | Gained mutation: You have a pair of small horns on your
                  | head. [demonic ancestry]
   165 | D:1      | Reached XP level 2. HP: 17/24 MP: 2/2
   276 | D:1      | Reached skill level 1 in Evocations
   916 | D:2      | Reached skill level 1 in Shapeshifting
   916 | D:2      | Gained mutation: Spells you cast may paralyse adjacent
                  | enemies. [demonic ancestry]
   916 | D:2      | Reached XP level 3. HP: 20/29 MP: 3/3
   916 | D:2      | Quit the game

Illustrated notes

Levels and vault maps discovered:
D:1:      psy_arrival_whirlpool, layout_basic, ebering_ecumenical_altar_mist,
          hangedman_decor_points, st_stairs_6,
          nicolae_concentric_dashed_squares_wild, chequers_serial_rivers_micro_a
D:2:      layout_loops_cross, nicolae_figureground_sparkle, uniq_sigmund

Skill      XL: |  1  2 |
---------------+-------+-----
Evocations     | 1 |  1.3
Unarmed Combat | 3 |  3.1
Shapeshifting  | 1 |  1.0
Fighting       | |  3.0
Dodging        | |  2.8

Action                     || total
---------------------------++-------
  Melee: Unarmed           ||    58
         Headbutt          ||     4
    Use: Potion            ||     1
         Scroll            ||     4
 Armour: Robe              ||    37
  Dodge: Dodged            ||    66
